 Dungeon Crawl Stone Soup version 0.28.0-53-g5a82cb258f (webtiles) character file.

Game seed: 18079411472090672293

718 Theotherone the Chopper (level 7, 0/60 HPs)
             Began as a Minotaur Fighter on May 22, 2022.
             Was a Believer of Qazlal.
             Slain by an acid dragon (14 damage)
             ... on level 5 of the Dungeon.
             The game lasted 00:08:11 (4949 turns).

Theotherone the Chopper (Minotaur Fighter)          Turns: 4949, Time: 00:08:12

Health: 0/60       AC:  2    Str: 23    XL:     7   Next: 42%
Magic:  9/9        EV:  9    Int:  9    God:    Qazlal [**....]
Gold:   135        SH:  7    Dex:  9    Spells: 6/6 levels left

rFire   . . .      SeeInvis .   j - +3 spear of the Shark {vorpal, Fragile rC+ Int+4}
rCold   + . .      Faith    .   c - +0 buckler
rNeg    . . .      Spirit   .   b - +0 scale mail
rPois   .          Reflect  .   (helmet restricted)
rElec   .          Harm     .   (no cloak)
rCorr   .          Rampage  .   (no gloves)
Will    .....                   (no boots)
Stlth   ..........              h - amulet of magic regeneration
HPRegen 0.20/turn               (no ring)
MPRegen 0.51/turn               (no ring)

@: corroded
A: horns 2, retaliatory headbutt
a: Renounce Religion, Upheaval


You were on level 5 of the Dungeon.
You worshipped Qazlal.
Qazlal was pleased with you.
You visited 1 branch of the dungeon, and saw 5 of its levels.

You collected 135 gold pieces.

Inventory:

Hand Weapons
 a - a +0 war axe
 d - a +0 flail of protection
 j - the +3 spear of the Shark (weapon) {vorpal, Fragile rC+ Int+4}
   (You took it off a goblin on level 2 of the Dungeon)

   It inflicts extra damage upon your enemies.
   Int:       It affects your intelligence (+4).
   rC:        It protects you from cold.
   Fragile:   It will be destroyed if unequipped.
Missiles
 p - 6 atropa-tipped darts (quivered)
Armour
 b - a +0 scale mail (worn)
 c - a +0 buckler (worn)
Jewellery
 h - an amulet of magic regeneration (around neck)
Scrolls
 f - a scroll of enchant weapon {unknown}
 k - a scroll of immolation
 l - a scroll of identify {unknown}
 m - a scroll of silence {unknown}
 n - 2 scrolls of teleportation {unknown}
 o - 2 scrolls of fear {unknown}
Potions
 e - a potion of magic {unknown}
 g - 2 potions of curing {unknown}
 i - a potion of haste {unknown}
 q - a potion of lignification {unknown}
 r - a potion of brilliance {unknown}
 s - a potion of flight {unknown}
 t - a potion of mutation {unknown}
 u - a potion of heal wounds {unknown}


   Skills:
 + Level 4.4 Fighting
 + Level 7.5(7.6) Axes
 - Level 1.0(4.8) Polearms
 - Level 3.6 Armour
 - Level 3.6 Shields
 + Level 4.8 Invocations


You had 6 spell levels left.
You didn't know any spells.
Your spell library contained the following spells:

 Spells                   Type           Power      Damage    Failure   Level
 Shock                    Conj/Air       0%         1d3       78%         1
 Swiftness                Air            0%         N/A       98%         3
 Airstrike                Air            0%         N/A       100%        4


Dungeon Overview and Level Annotations

Branches:
Dungeon (5/15)
 Temple: D:4-7

Altars:
Qazlal

Shops:
D:3 (


Innate Abilities, Weirdness & Mutations

You have a pair of horns on your head.
You reflexively headbutt those who attack you in melee.


Message History

Unknown command.
You pick up a book of Air and begin reading...
You add the spells Shock, Swiftness and Airstrike to your library.
An acid dragon comes into view.
The acid dragon roars!
The acid dragon spits acid at you. The splash of acid hits you!
You block the acid dragon's attack.
The acid dragon claws you but does no damage.
You puncture the acid dragon!
The acid dragon is moderately wounded.
You block the acid dragon's attack. The acid dragon claws you.
You hit the acid dragon but do no damage.
Your headbutt misses the acid dragon.
The acid dragon is moderately wounded.
The acid dragon barely misses you.
The acid dragon claws you but does no damage.
You completely miss the acid dragon.
The acid dragon is moderately wounded.
The acid dragon bites you but does no damage.
The acid dragon barely misses you.
An ice beast comes into view.
You hit the acid dragon but do no damage.
The acid dragon is moderately wounded.
You block the acid dragon's attack.
The acid dragon claws you but does no damage.
You closely miss the acid dragon.
You headbutt the acid dragon, but do no damage.
The acid dragon is moderately wounded.
The acid dragon spits acid at you. The splash of acid hits you!!
* * * LOW HITPOINT WARNING * * *
The acid corrodes you!
You hit the acid dragon.
The acid dragon is moderately wounded.
The acid dragon closely misses you. The acid dragon barely misses you.
You hit the acid dragon but do no damage.
The acid dragon is moderately wounded.
The acid dragon bites you!
You die...

## #.##.# ##.....#. .
#.##.## ##........ #.
#.##..# #......... ##
###.###.### #......... #
..........# #.........
##
#.......#.#####.........
.#
#.......#...##.†........
.#
#........##D##.)........
.#
#.......Y..@...#........
##
#......##.#...##...P.P..
# #......
#.###.##.###.##. ..#
#...... #.# #.##.P ..#
#... ... ####.. ). ####
!.. #P# # ## # #


You could see an acid dragon (catching breath) and an ice beast.

Vanquished Creatures
  Grinder (D:3)
  Edmund (D:4)
  A sky beast (D:5)
  A water moccasin zombie (D:5)
  A howler monkey (D:4)
  2 jellies
  2 adders
  3 gnolls (D:3)
  A white imp (D:3)
  An ufetubus (D:5)
  A worm (D:2)
  3 dart slugs
  10 orcs
  5 endoplasms
  4 giant cockroaches
  3 goblins
  9 hobgoblins
  5 jackals (D:2)
  5 quokkas
  2 ball pythons
  6 bats
  2 frilled lizards (D:2)
  8 kobolds
  2 rats (D:3)
79 creatures vanquished.

Notes
Turn   | Place    | Note
-------+----------+-------------------------------------------
     0 | D:1      | Theotherone the Minotaur Fighter began the quest for the
                  | Orb.
     0 | D:1      | Reached XP level 1. HP: 19/19 MP: 0/0
   205 | D:1      | Reached skill level 3 in Axes
   510 | D:1      | Reached XP level 2. HP: 26/26 MP: 1/1
   949 | D:1      | Reached skill level 4 in Axes
  1335 | D:2      | Reached XP level 3. HP: 17/31 MP: 2/2
  1877 | D:2      | Found a faded altar of an unknown god.
  1915 | D:2      | Prayed at the altar of an unknown god.
  1915 | D:2      | Became a worshipper of Qazlal Stormbringer
  1915 | D:2      | Reached * piety under Qazlal
  2022 | D:2      | Identified the +3 spear of the Shark {vorpal, Fragile rC+
                  | Int+4}
  2685 | D:3      | Found Xoekaut's Antique Weapon Boutique.
  2825 | D:3      | Reached skill level 1 in Polearms
  2827 | D:3      | Reached skill level 1 in Invocations
  2876 | D:3      | Reached XP level 4. HP: 39/39 MP: 3/3
  3311 | D:3      | Noticed Grinder
  3325 | D:3      | Paralysed by Grinder for 7 turns
  3333 | D:3      | Killed Grinder
  3334 | D:3      | Reached skill level 6 in Axes
  3334 | D:3      | Reached XP level 5. HP: 21/45 MP: 4/6
  3334 | D:3      | Reached XP level 6. HP: 23/51 MP: 4/7
  3750 | D:3      | Reached ** piety under Qazlal
  3927 | D:4      | You fall into a shaft and drop 1 floor!
  3927 | D:5      | Entered Level 5 of the Dungeon
  4047 | D:4      | Noticed Edmund
  4063 | D:4      | Killed Edmund
  4064 | D:4      | Reached skill level 7 in Axes
  4491 | D:4      | Reached XP level 7. HP: 58/58 MP: 9/9
  4949 | D:5      | Slain by an acid dragon

Illustrated notes

Levels and vault maps discovered:
D:1:      noname_arrival_rooms_in_the_neighbourhood, layout_loops_corners
D:2:      layout_basic, serial_co_window_serial, co_window_paths_a,
          co_window_corner_a, co_window_paths_a, co_window_paths_a,
          co_window_paths_b, co_window_of_opportunity_b, co_window_broadway_c,
          co_window_of_opportunity_b, co_window_unsneaky_path_e,
          co_window_paths_d, co_window_4corner_a,
          hellmonk_ecumenical_altar_blasted
D:3:      layout_loops_ring, serial_shops, shop, serial_park_tiny_2,
          uniq_grinder
D:4:      layout_basic, minivault_27, uniq_edmund
D:5:      layout_rooms, nicolae_wu_jian_immortal_techniques,
          minmay_temple_entry_gardened_gates

Skill      XL: |  1  2  3  4  5  6  7 |
---------------+----------------------+-----
Axes           | 3 4 6 7 |  7.5
Polearms       | 1 |  1.0
Invocations    | 1 3 4 |  4.8
Fighting       | 4 |  4.4
Armour         | |  3.6
Shields        | |  3.6

Action                   |  1- 3 |  4- 6 |  7- 9 || total
-------------------------+-------+-------+-------++-------
Melee: War axe           |    66 |       |       ||    66
       Headbutt          |     5 |    14 |     2 ||    21
       Spear             |    30 |    92 |    28 ||   150
  Use: Potion            |       |     1 |       ||     1
Armor: Scale mail        |    34 |    13 |     9 ||    56
Dodge: Dodged            |    33 |    26 |     7 ||    66
Block: Buckler           |    24 |    15 |     5 ||    44
